 Dungeon Crawl Stone Soup version 0.28-a0-1312-g71652a0310 (webtiles) character file.

Game seed: 14696297626571566857

533 soylentgreeen202 the Caller (level 7, -1/46 HPs)
             Began as a Mummy Summoner on Nov 15, 2021.
             Slain by a gnoll (5 damage)
             ... on level 4 of the Dungeon on Dec 28, 2021.
             The game lasted 00:43:56 (6364 turns).

soylentgreeen202 the Caller (Mummy Summoner)        Turns: 6364, Time: 00:43:57

Health: -1/46      AC:  2    Str: 17    XL:     7   Next: 4%
Magic:  2/11       EV: 12    Int: 22    God:
Gold:   191        SH:  0    Dex: 13    Spells: 6/12 levels left

rFire   . . .      SeeInvis .   v - +3 flail of the Secret Prophets {freeze, rF+ Int+7}
rCold   + . .      Faith    .   (no shield)
rNeg    + + +      Spirit   .   a - +0 robe
rPois   ∞          Reflect  .   (no helmet)
rElec   .          Harm     .   (no cloak)
rCorr   .          Rampage  .   (no gloves)
Will    .....                   (no boots)
Stlth   ++........              (no amulet)
HPRegen 0.15/turn               o - +6 ring of strength
MPRegen 0.12/turn               (no ring)

@: no status effects
A: cold resistance 1, negative energy resistance 3, torment resistance 2, heat
vulnerability 1, no potions
a: no special abilities


You were on level 4 of the Dungeon.
You visited 1 branch of the dungeon, and saw 4 of its levels.

You collected 191 gold pieces.

Inventory:

Hand Weapons
 c - a +0 club
 d - a +0 short sword
 k - a +0 dagger
 l - a +1 spear of venom
 v - the +3 flail of the Secret Prophets (weapon) {freeze, rF+ Int+7}
   (You took it off a gnoll on level 4 of the Dungeon)

   It freezes those it strikes, dealing additional cold damage.
   It can also slow down cold-blooded creatures.
   Int:       It affects your intelligence (+7).
   rF:        It protects you from fire.
Missiles
 b - 221 stones (quivered)
 e - 2 throwing nets
 h - 12 silver boomerangs
 r - 4 curare-tipped darts
 t - 18 poisoned darts
Armour
 a - a +0 robe (worn)
 i - a +0 leather armour
Jewellery
 o - a +6 ring of strength (left hand)
 s - an amulet of faith
Wands
 p - a wand of mindburst (12)
Scrolls
 f - a scroll of fog {unknown}
 g - a scroll of teleportation {unknown}
 j - a scroll of enchant weapon {unknown}
 m - 2 scrolls of identify {unknown}
 n - a scroll of noise {unknown}
 u - a scroll of magic mapping {unknown}
Potions
 q - a potion of brilliance {unknown}


   Skills:
 - Level 0.3 Fighting
 - Level 0.2 Maces & Flails
 - Level 2.0 Dodging
 - Level 2.0 Stealth
 - Level 3.1 Spellcasting
 + Level 6.7 Summonings


You had 6 spell levels left.
You knew the following spells:

 Your Spells              Type           Power      Damage    Failure   Level
a - Summon Small Mammal   Summ           100%       N/A       1%          1
b - Call Imp              Summ           33%        N/A       1%          2
c - Call Canine Familiar  Summ           33%        N/A       2%          3

Your spell library contained the following spells:

 Spells                   Type           Power      Damage    Failure   Level
 Summon Guardian Golem    Hex/Summ       18%        N/A       9%          3
 Magic Dart               Conj           12%        1d3       12%         1
 Sandblast                Erth           6%         2d5       12%         1
 Passwall                 Tmut/Erth      2%         N/A       19%         2
 Summon Lightning Spire   Summ/Air       18%        N/A       30%         4
 Mephitic Cloud           Conj/Pois/Air  3%         N/A       36%         3
 Stone Arrow              Conj/Erth      6%         3d7       36%         3
 Olgreb's Toxic Radiance  Pois           3%         N/A       77%         4
 Ozocubu's Refrigeration  Ice            1%         4d5       100%        7
 Ignition                 Fire           1%         3d3       100%        8


Dungeon Overview and Level Annotations

Branches:
Dungeon (4/15)
 Temple: D:4-7

Altars:
Ashenzari
Makhleb
Okawaru

Shops:
D:1 *[![!


Innate Abilities, Weirdness & Mutations

You are immune to poison.
Your flesh is cold resistant. (rC+)
You are immune to negative energy. (rN+++)
You are immune to unholy pain and torment.
You are vulnerable to heat. (rF-)
You do not drink.


Message History

The gnoll barely misses your crimson imp.
Your crimson imp hits the gnoll shaman.
The gnoll hits you from afar with a +0 spear.
Your crimson imp hits the gnoll shaman but does no damage.
The gnoll hits you from afar with a +0 spear!
The gnoll shaman completely misses your crimson imp.
The gnoll hits you from afar with a +0 spear.
The iguana bites your crimson imp but does no damage.
Your crimson imp hits the iguana but does no damage.
The gnoll shaman barely misses your crimson imp.
Your crimson imp hits the iguana.
The gnoll hits you from afar with a +0 spear.
Okay, then.
Your crimson imp blinks!
The gnoll hits you from afar with a +0 spear.
The gnoll hits you from afar with a +0 spear.
The gnoll hits you but does no damage. The gnoll barely misses you.
The gnoll hits you from afar with a +0 spear!
You see here a +0 club.
The gnoll hits you from afar with a +0 spear!
* * * LOW HITPOINT WARNING * * *
Casting: Call Imp (safe; 1% risk of failure)
Confirm with . or Enter, or press ? or * to list all spells.
The gnoll barely misses you.
The gnoll hits you from afar with a +0 spear.
* * * LOW HITPOINT WARNING * * *
Things that are here:
a +0 club; a +0 halberd Your hound barely misses the gnoll.
Items here: )) [[.
Your hound bites the gnoll.
The gnoll completely misses you.
The gnoll hits you from afar with a +0 spear.
* * * LOW HITPOINT WARNING * * *
Your hound misses the gnoll.
Something bites your hound but does no damage.
The gnoll closely misses you.
Your hound barely misses the gnoll.
The iguana bites your hound!
The gnoll hits you from afar with a +0 spear.
You die...

............####.#
#..#..#####
.!..##....#..##..#
#.###......
.##..##...#..##.# ##.#
##.####
.####........#..# #..#
#..# .# ##..#........##
#.## #..#
####..####..#....#####.#
##.### ###..##
##.####.......## ##....
##..## #..# #.......#
##.(... ...## #.##
##@##..)# ###..†.##
....## ##.#
#g.###.###)).#....
.....###.##
##.gh.)#..).##....
#.....##.#
##.####l.)####..##
.........# ##.##
##.####..## .........#
###.## ##)....##
.......#.# #..## #.....#
# .#...#.#..# #..#
#...g.#### #.........#
#### ##......#..


You could see 2 gnolls and a friendly hound (summoned).

Vanquished Creatures
  A scorpion (D:4)
  Ijyb (D:3)
  A hound skeleton (D:4)
  3 gnolls (D:4)
  2 adders
  A dart slug (D:3)
  6 bats
  4 endoplasms
  2 giant cockroaches
  6 goblins
  7 hobgoblins
  3 jackals
  4 quokkas
  6 ball pythons
  4 kobolds (D:1)
  6 rats
57 creatures vanquished.

Vanquished Creatures (collateral kills)
  Grinder (D:3)
  An iguana (D:4)
  Robin (D:4)
  4 gnolls (D:4)
  An adder (D:2)
  A worm (D:3)
  A dart slug (D:1)
  5 endoplasms
  8 goblins
  4 hobgoblins
  5 jackals
  4 kobolds
  A quokka (D:1)
  3 ball pythons
  3 bats
  2 frilled lizards (D:1)
  A rat (D:1)
46 creatures vanquished.

Grand Total: 103 creatures vanquished

Notes
Turn   | Place    | Note
-------+----------+-------------------------------------------
     0 | D:1      | soylentgreeen202 the Mummy Summoner began the quest for the
                  | Orb.
     0 | D:1      | Reached XP level 1. HP: 13/13 MP: 4/4
    12 | D:1      | Found Houmozov's Distillery.
   325 | D:1      | Upgraded the game from 0.28-a0-861-ge64d6db94f to
                  | 0.28-a0-919-g0b5b508569
   419 | D:1      | Found Yfrag's Antique Armour Boutique.
   425 | D:1      | Reached XP level 2. HP: 19/19 MP: 4/6
   450 | D:1      | Found Uxkorph's Distillery.
   919 | D:1      | Found Juupn's Antique Armour Shop.
  1640 | D:1      | Reached XP level 3. HP: 17/24 MP: 7/7
  1763 | D:1      | Found Yzaqeciec's General Store.
  1769 | D:1      | Upgraded the game from 0.28-a0-919-g0b5b508569 to
                  | 0.28-a0-1312-g71652a0310
  2589 | D:2      | Found a faded altar of an unknown god.
  2735 | D:2      | Reached skill level 4 in Summonings
  2745 | D:2      | Reached XP level 4. HP: 27/30 MP: 5/8
  3412 | D:3      | Noticed Grinder
  3525 | D:3      | Learned a level 2 spell: Call Imp
  3529 | D:3      | Learned a level 3 spell: Call Canine Familiar
  3558 | D:3      | Noticed Ijyb
  3587 | D:3      | Killed Ijyb
  3898 | D:3      | Found a faded altar of an unknown god.
  3898 | D:3      | Found a broken altar of Ashenzari.
  3904 | D:3      | Found an iron altar of Okawaru.
  3909 | D:3      | Found a burning altar of Makhleb.
  3910 | D:3      | Found a faded altar of an unknown god.
  4239 | D:3      | Killed Grinder
  4240 | D:3      | Reached skill level 5 in Summonings
  4240 | D:3      | Reached XP level 5. HP: 35/35 MP: 3/9
  4240 | D:3      | Reached XP level 6. HP: 41/41 MP: 3/10
  4916 | D:4      | Reached skill level 6 in Summonings
  5836 | D:4      | Noticed Robin
  5853 | D:4      | Killed Robin
  5859 | D:4      | Identified the +3 flail of the Secret Prophets {freeze, rF+
                  | Int+7}
  5874 | D:4      | Reached XP level 7. HP: 20/46 MP: 1/11
  6364 | D:4      | Slain by a gnoll

Illustrated notes

Levels and vault maps discovered:
D:1:      dpeg_arrival_lava_temple_mockup, layout_basic, serial_shops, shop,
          shop, shop, shop, nicolae_diamond_shop
D:2:      layout_basic, chequers_ecumenical_altar_simple_redux
D:3:      layout_loops_corners, chequers_temple_overflow_minitemple,
          kennysheep_generic_room_16, uniq_grinder, uniq_ijyb
D:4:      layout_layer_cave, minmay_goblin_kobold_house, uniq_robin

Skill      XL: |  1  2  3  4  5  6 |
---------------+-------------------+-----
Spellcasting   | 3 |  3.1
Dodging        | 2 |  2.0
Stealth        | 2 |  2.0
Summonings     | 4 5 6 |  6.7
Fighting       | |  0.3
Maces & Flails | |  0.2

Action                   |  1- 3 |  4- 6 |  7- 9 || total
-------------------------+-------+-------+-------++-------
Melee: Unarmed           |     1 |       |       ||     1
       Club              |    87 |       |       ||    87
       Spear             |    16 |   112 |     4 ||   132
       Flail             |       |       |     7 ||     7
Throw: Stone             |     4 |     1 |       ||     5
 Cast: Summon Small Mamm |    48 |    33 |       ||    81
       Call Imp          |       |    11 |     2 ||    13
       Call Canine Famil |       |     3 |     3 ||     6
 Stab: Sleeping          |     1 |     5 |       ||     6
Armor: Robe              |    37 |    10 |     1 ||    48
Dodge: Dodged            |   131 |    58 |    10 ||   199

Table legend: (Time is in decaauts)
 A = Elapsed time spent in this place.
 B = Non-inter-level travel time spent in this place.
 C = Inter-level travel time spent in this place.
 D = Time resting spent in this place.
 E = Time spent auto-exploring this place.
 F = Levels seen in this place.
 G = Mean time per level.
                   A        B        C        D        E       F      G
               +--------+--------+--------+--------+--------+-----+--------+
         Total |   6411 |   6065 |    346 |   2134 |   1978 |   4 | 1602.8 |
       Dungeon |   6411 |   6065 |    346 |   2134 |   1978 |   4 | 1602.8 |
               +--------+--------+--------+--------+--------+-----+--------+

Top non-repeatable levels by time:
     D:1: 1909 daAuts
     D:3: 1621 daAuts
     D:4: 1455 daAuts
     D:2: 1425 daAuts
